 Dungeon Crawl Stone Soup version 0.27-a0-1281-ge233d83751 (webtiles) character file.

Game seed: 18271136900402222299

15951 bande the Cleaver (level 12, -1/74 HPs)
             Began as a Gargoyle Fighter on June 13, 2021.
             Was a High Priest of Okawaru.
             Slain by a nine-headed hydra (3 damage)
             ... on level 1 of the Lair of Beasts.
             The game lasted 00:22:11 (13732 turns).

bande the Cleaver (Gargoyle Fighter)               Turns: 13732, Time: 00:22:12

Health: -1/74      AC: 31    Str: 23    XL:     12   Next: 32%
Magic:  17/17      EV:  6    Int: 10    God:    Okawaru [*****.]
Gold:   1521       SH: 12    Dex: 14    Spells: 11/11 levels left

rFire    . . .     SeeInvis .   m - +1 flail (holy)
rCold    x . .     Faith    .   A - +0 kite shield {AC+3}
rNeg     + . .     Spirit   .   i - +0 plate armour
rPois    ∞         Reflect  .   n - +1 hat
rElec    +         Harm     .   w - +1 cloak {Will+}
rCorr    .         Rampage  .   y - +0 pair of gloves "Healetas" {rC- Regen+ Dex+4}
Will     +....                  h - +0 pair of boots
Stlth    ..........             (no amulet)
HPRegen  1.22/turn              (no ring)
MPRegen  0.15/turn              (no ring)

@: no status effects
A: sickness immunity, AC +8, negative energy resistance 1, electricity
resistance, torment resistance 1, petrification resistance
a: Renounce Religion, Heroism, Finesse


You were on level 1 of the Lair of Beasts.
You worshipped Okawaru.
Okawaru was extremely pleased with you.
You visited 2 branches of the dungeon, and saw 11 of its levels.
You also visited: Ossuary.

You collected 1787 gold pieces.
You spent 266 gold pieces at shops.

Inventory:

Hand Weapons
 a - a +1 war axe
 k - the +9 broad axe of the Unseen Realm {freeze, rElec rC- Will+ Stlth+}
   (You acquired it on level 5 of the Dungeon)

   It has been specially enchanted to freeze those struck by it, causing extra
   injury to most foes and up to half again as much damage against particularly
   susceptible opponents.
   It can also slow down cold-blooded creatures.
   It makes you vulnerable to cold.
   It insulates you from electricity.
   It increases your willpower.
   It makes you more stealthy.
 m - a +1 flail of holy wrath (weapon)
Missiles
 b - a throwing net (quivered)
Armour
 h - a +0 pair of boots (worn)
 i - a +0 plate armour (worn)
 n - a +1 hat (worn)
 w - a +1 cloak of willpower (worn)
 y - the +0 pair of gloves "Healetas" (worn) {rC- Regen+ Dex+4}
   (You bought it in a shop on level 9 of the Dungeon)

   It affects your dexterity (+4).
   It makes you vulnerable to cold.
   It increases your rate of health regeneration.
 A - a +0 kite shield of protection (worn)
Jewellery
 g - a ring of fire
 B - a +6 ring of intelligence
Wands
 e - a wand of flame (21)
Scrolls
 f - 2 scrolls of enchant armour
 j - 7 scrolls of identify
 l - 6 scrolls of enchant weapon
 o - 5 scrolls of teleportation
 s - a scroll of magic mapping
 C - a scroll of fear
Potions
 c - a potion of magic {unknown}
 d - 3 potions of flight
 p - 8 potions of haste
 q - a potion of curing
 r - a potion of mutation
 t - 2 potions of ambrosia
 u - 3 potions of cancellation
 v - a potion of brilliance
 x - 2 potions of heal wounds
 z - 2 potions of might


   Skills:
 + Level 8.2 Fighting
 + Level 11.0 Axes
 + Level 8.1 Armour
 - Level 1.4 Dodging
 + Level 9.0 Shields
 * Level 7.7 Invocations
 * Level 6.3 Evocations


You had 11 spell levels left.
You didn't know any spells.
Your spell library contained the following spells:

 Spells                   Type           Power      Damage    Failure   Level
 Sandblast                Erth           0%         2d4       100%        1
 Sting                    Tmut/Pois      0%         1d3       100%        1
 Passwall                 Tmut/Erth      0%         N/A       100%        2
 Poisonous Vapours        Pois/Air       0%         N/A       100%        2
 Ignite Poison            Fire/Tmut/Pois 0%         N/A       100%        3
 Mephitic Cloud           Conj/Pois/Air  0%         N/A       100%        3
 Stone Arrow              Conj/Erth      0%         3d7       100%        3
 Olgreb's Toxic Radiance  Pois           0%         N/A       100%        4
 Petrify                  Tmut/Erth      0%         N/A       100%        4
 Lee's Rapid Deconstruct  Erth           0%         3d5*      100%        5


Dungeon Overview and Level Annotations

Branches:
Dungeon (10/15)            Temple (0/1) D:4            Lair (1/6) D:10
Ossuary (visited)
    Orc: D:9-12

Altars:
Ashenzari
Dithmenos
Gozag
Hepliaklqana
Makhleb
Nemelex Xobeh
Okawaru
Sif Muna
Zin

Shops:
D:9 [


Innate Abilities, Weirdness & Mutations

You are immune to sickness and miasma.
Your stone body is resilient. (AC +8)
You are immune to poison.
You resist negative energy. (rN+)
You are resistant to electric shocks. (rElec)
You are resistant to unholy torment.
You are immune to petrification.


Message History

The nine-headed hydra completely misses you.
The nine-headed hydra bites you.
The nine-headed hydra bites you but does no damage. x2
You block the nine-headed hydra's attack. x2
The nine-headed hydra barely misses you.
The nine-headed hydra bites you but does no damage.
You barely miss the nine-headed hydra.
The nine-headed hydra is severely wounded.
You block the nine-headed hydra's attack.
The nine-headed hydra closely misses you.
The nine-headed hydra bites you but does no damage.
The nine-headed hydra barely misses you.
The nine-headed hydra bites you but does no damage. x4
You block the nine-headed hydra's attack.
You thump the nine-headed hydra!
The nine-headed hydra is severely wounded.
You block the nine-headed hydra's attack. x2
The nine-headed hydra bites you.
You block the nine-headed hydra's attack.
The nine-headed hydra barely misses you.
The nine-headed hydra bites you but does no damage.
The nine-headed hydra barely misses you.
The nine-headed hydra bites you.
* * * LOW HITPOINT WARNING * * *
The nine-headed hydra barely misses you.
You sock the nine-headed hydra!
The nine-headed hydra is almost dead.
The nine-headed hydra bites you.
* * * LOW HITPOINT WARNING * * *
The nine-headed hydra bites you but does no damage. x2
The nine-headed hydra bites you!
* * * LOW HITPOINT WARNING * * *
The nine-headed hydra bites you.
* * * LOW HITPOINT WARNING * * *
The nine-headed hydra barely misses you.
You block the nine-headed hydra's attack.
The nine-headed hydra bites you.
* * * LOW HITPOINT WARNING * * *
The nine-headed hydra bites you.
You die...

................
................
................
........>.....!.
................
................
##.............#
#......D.†.##.##
###.###@####
#..## #..P# #.###
##..# #..#### ###
###.#..#..####.#
..........###..##
##.....[......##


You could see a nine-headed hydra.

Vanquished Creatures
  Gastronok (D:8)
  2 tengu warriors
  A catoblepas (Lair:1)
  A two-headed ogre (D:7)
  3 death yaks (D:10)
  An unseen horror (D:10)
  Maggie (D:10)
  A komodo dragon (Lair:1)
  Psyche (D:8)
  A troll (D:9)
  2 hornets
  Prince Ribbit (D:6)
  2 shadows
  Sigmund (D:3)
  3 yaks (D:9)
  4 steam dragons
  Grum (D:8)
  Menkaure (D:7)
  4 water moccasins
  4 orc warriors
  2 black bears (D:7)
  3 ice beasts
  2 hornet zombies (Ossuary)
  3 necrophages
  4 ogres
  3 wolves (D:8)
  5 centaurs
  A phantom (D:5)
  4 bullfrogs
  3 wyvern zombies (Ossuary)
  3 scorpions
  A water moccasin zombie (Ossuary)
  17 killer bees
  3 water moccasin skeletons
  10 wights
  4 howler monkeys
  10 centaur zombies
  3 bullfrog zombies
  2 hounds
  2 jellies (D:6)
  3 orc priests
  Crazy Yiuf (D:3)
  A centaur skeleton (D:5)
  Terence (D:2)
  Natasha (thrice) (D:3)
  An iguana (D:5)
  6 orc wizards
  2 hell rats (D:10)
  2 killer bee zombies
  16 mummies (Ossuary)
  3 howler monkey zombies
  Robin (D:2)
  16 gnolls
  6 adders
  3 shadow imps
  2 white imps
  An adder skeleton (D:4)
  2 adder zombies (D:5)
  3 worms
  2 dart slugs (D:5)
  34 orcs
  6 endoplasms
  2 giant cockroaches
  14 goblins
  10 hobgoblins
  10 jackals
  7 quokkas
  6 ball pythons
  10 bats
  3 frilled lizards
  A jackal skeleton (D:4)
  5 kobolds
  2 rats (D:1)
306 creatures vanquished.

Vanquished Creatures (others)
  6 withered plants (Ossuary)
6 creatures vanquished.

Grand Total: 312 creatures vanquished

Notes
Turn   | Place    | Note
-------+----------+-------------------------------------------
     0 | D:1      | bande the Gargoyle Fighter began the quest for the Orb.
     0 | D:1      | Reached XP level 1. HP: 14/14 MP: 1/1
   435 | D:1      | Reached XP level 2. HP: 17/19 MP: 2/2
   704 | D:1      | Reached skill level 2 in Axes
  1003 | D:2      | Reached XP level 3. HP: 23/23 MP: 3/3
  1206 | D:2      | You fall into a shaft and drop 1 floor!
  1224 | D:3      | Reached XP level 4. HP: 9/29 MP: 4/4
  1553 | D:3      | Noticed Sigmund
  1565 | D:3      | Killed Sigmund
  1566 | D:3      | Reached skill level 3 in Axes
  1566 | D:3      | Reached XP level 5. HP: 17/33 MP: 5/5
  1576 | D:3      | Noticed Natasha
  1818 | D:2      | Reached XP level 6. HP: 38/38 MP: 6/6
  1905 | D:2      | Reached skill level 1 in Dodging
  1949 | D:2      | Noticed Robin
  1965 | D:2      | Killed Robin
  2646 | D:3      | Killed Natasha
  2878 | D:3      | Noticed Terence
  3032 | D:2      | Killed Terence
  3033 | D:2      | Reached skill level 4 in Axes
  3146 | D:3      | Reached skill level 5 in Shields
  3192 | D:3      | Found a shadowy altar of Dithmenos.
  3203 | D:3      | Noticed Natasha
  3209 | D:3      | Killed Natasha
  3240 | D:3      | Reached XP level 7. HP: 39/43 MP: 7/7
  3268 | D:3      | Noticed Natasha
  3282 | D:3      | Killed Natasha
  3286 | D:3      | Identified a scroll of acquirement
  3286 | D:3      | Acquired 1163 gold pieces
  3333 | D:3      | Found a glowing silver altar of Zin.
  3389 | D:3      | Found a runed translucent door.
  3390 | D:3      | Noticed Crazy Yiuf
  3677 | D:3      | Killed Crazy Yiuf
  4592 | D:4      | Reached skill level 5 in Armour
  4642 | D:4      | Found an iron altar of Okawaru.
  4664 | D:4      | Reached skill level 5 in Axes
  4687 | D:4      | Became a worshipper of Warmaster Okawaru
  5014 | D:4      | Reached XP level 8. HP: 48/48 MP: 8/8
  5246 | D:4      | Found a staircase to the Ecumenical Temple.
  5304 | D:4      | Identified the +5 quarterstaff "Syrheras" {vorpal, rN+}
  5412 | D:5      | Entered Level 5 of the Dungeon
  5736 | D:5      | Reached skill level 1 in Invocations
  5916 | D:5      | Reached skill level 1 in Evocations
  6640 | D:5      | Reached * piety under Okawaru
  6641 | D:5      | Reached skill level 5 in Fighting
  6641 | D:5      | Reached skill level 6 in Axes
  6793 | D:5      | Acquired the +9 broad axe of the Unseen Realm {freeze,
                  | rElec rC- Will+ Stlth+}
  6843 | D:5      | Found a hazy altar of Hepliaklqana.
  7066 | D:5      | Reached XP level 9. HP: 41/54 MP: 9/11
  7443 | D:6      | Found a sand-covered staircase.
  7452 | Ossuary  | Entered an ossuary
  7467 | Ossuary  | Reached ** piety under Okawaru
  7496 | Ossuary  | Reached skill level 7 in Axes
  8036 | Ossuary  | Reached *** piety under Okawaru
  8283 | D:6      | Reached skill level 8 in Axes
  8516 | D:6      | Reached XP level 10. HP: 60/60 MP: 13/13
  8655 | D:6      | Noticed Prince Ribbit
  8680 | D:6      | Killed Prince Ribbit
  8951 | D:7      | Found a burning altar of Makhleb.
  9426 | D:7      | Noticed Menkaure
  9438 | D:7      | Killed Menkaure
  9438 | D:7      | Reached **** piety under Okawaru
  9739 | D:7      | Reached skill level 5 in Invocations
 10033 | D:7      | Found a broken altar of Ashenzari.
 10242 | D:8      | Noticed a two-headed ogre
 10252 | D:7      | Reached skill level 9 in Axes
 10401 | D:7      | Killed a two-headed ogre
 11106 | D:8      | Reached XP level 11. HP: 63/66 MP: 15/15
 11119 | D:8      | Noticed Psyche
 11124 | D:8      | Killed Psyche
 11124 | D:8      | Received a gift from Okawaru
 11157 | D:8      | Noticed Gastronok
 11161 | D:8      | Noticed Grum
 11173 | D:8      | Killed Gastronok
 11173 | D:8      | Reached ***** piety under Okawaru
 11174 | D:8      | Reached skill level 5 in Evocations
 11174 | D:8      | Killed Grum
 11829 | D:9      | Acquired a +1 cloak of willpower
 11921 | D:9      | Found Reqoe's Antique Armour Emporium.
 11929 | D:9      | Bought a pair of twisted gloves for 266 gold pieces
 11929 | D:9      | Identified the +0 pair of gloves "Healetas" {rC- Regen+
                  | Dex+4} (You bought it in a shop on level 9 of the Dungeon)
 11965 | D:9      | Reached skill level 10 in Axes
 12138 | D:9      | Found a sparkling altar of Nemelex Xobeh.
 12138 | D:9      | Found an opulent altar of Gozag.
 12470 | D:10     | Entered Level 10 of the Dungeon
 12470 | D:10     | Noticed a tengu warrior
 12470 | D:10     | Noticed a tengu warrior
 12493 | D:9      | Killed a tengu warrior
 12525 | D:10     | Killed a tengu warrior
 12766 | D:10     | Found a shimmering blue altar of Sif Muna.
 12895 | D:10     | Noticed a death yak
 12896 | D:10     | Noticed a death yak
 12910 | D:10     | Killed a death yak
 12910 | D:10     | Identified the +7 war axe "Cuutz" {vorpal, Str+3} (Okawaru
                  | gifted it to you on level 10 of the Dungeon)
 12910 | D:10     | Received a gift from Okawaru
 12912 | D:10     | Found a staircase to the Lair.
 12916 | D:10     | Killed a death yak
 12917 | D:10     | Reached XP level 12. HP: 46/73 MP: 15/17
 12943 | D:10     | Noticed a death yak
 12968 | D:10     | Killed a death yak
 13299 | D:10     | Noticed Maggie
 13307 | D:10     | Killed Maggie
 13603 | Lair:1   | Entered Level 1 of the Lair of Beasts
 13657 | Lair:1   | Noticed a catoblepas
 13668 | Lair:1   | Killed a catoblepas
 13714 | Lair:1   | Noticed an eight-headed hydra
 13718 | Lair:1   | Reached skill level 11 in Axes
 13732 | Lair:1   | HP: 2/74 [nine-headed hydra (6)]
 13732 | Lair:1   | Slain by a nine-headed hydra

Illustrated notes

Levels and vault maps discovered:
D:1:      shiori_arrival_maze, layout_rooms, minmay_large_rounded_square
D:2:      layout_rooms, minmay_stone_trees_small, uniq_robin
D:3:      layout_rooms, old_standard_altar, grunt_dithmenos_smoke_and_mirrors,
          interstate_on_off, uniq_sigmund, uniq_crazy_yiuf_cottage,
          uniq_terence, uniq_natasha
D:4:      layout_loops_ring, okawaru_metal_pillars_3,
          minmay_temple_entry_poolview
D:5:      layout_basic, general_overflow_altar, minmay_checkerbox
D:6:      layout_loops_cross, enter_ossuary_5, uniq_prince_ribbit1
D:7:      layout_rooms, kennysheep_mini, bloody_makhleb, uniq_menkaure
D:8:      layout_cave_pools, uniq_psyche, uniq_gastronok, uniq_grum
D:9:      layout_gridville, grunt_temple_overflow_opulence, serial_shops, shop
D:10:     layout_rooms, kennysheep_little_box, dpeg_lair_monsters, uniq_maggie
Lair:1:   layout_hall_layers

Skill      XL: |  1  2  3  4  5  6  7  8  9 10 11 12 |
---------------+-------------------------------------+-----
Axes           | 2 3 4 5 6 8 9 10 11 | 11.0
Shields        | 4 5 6 7 8 9 |  9.0
Fighting       | 4 5 6 7 8 |  8.2
Armour         | 4 5 6 7 8 |  8.1
Dodging        | 1 |  1.4
Invocations    | 2 4 5 7 |  7.7
Evocations     | 2 3 4 6 |  6.3

Action                   |  1- 3 |  4- 6 |  7- 9 | 10-12 || total
-------------------------+-------+-------+-------+-------++-------
Melee: War axe           |   111 |   136 |   218 |       ||   465
       Broad axe         |       |       |   170 |   306 ||   476
       Flail             |       |       |       |     9 ||     9
Invok: Heroism           |       |       |       |     1 ||     1
  Use: Scroll            |     1 |     4 |     8 |     7 ||    20
       Potion            |       |     1 |     7 |     3 ||    11
Armor: Scale mail        |    89 |    84 |    27 |       ||   200
       Plate armour      |       |       |   254 |   392 ||   646
Dodge: Dodged            |    53 |    45 |    91 |   120 ||   309
Block: Kite shield       |    87 |    89 |   222 |   309 ||   707

Table legend: (Time is in decaauts)
 A = Elapsed time spent in this place.
 B = Non-inter-level travel time spent in this place.
 C = Inter-level travel time spent in this place.
 D = Time resting spent in this place.
 E = Time spent auto-exploring this place.
 F = Levels seen in this place.
 G = Mean time per level.
                   A        B        C        D        E       F      G
               +--------+--------+--------+--------+--------+-----+--------+
         Total |  14146 |  14047 |     99 |   5580 |   5738 |  12 | 1178.8 |
       Dungeon |  13290 |  13191 |     99 |   5369 |   5429 |  10 | 1329.0 |
          Lair |    134 |    134 |      0 |      0 |     74 |   1 |  134.0 |
       Ossuary |    721 |    721 |      0 |    211 |    235 |   1 |  721.0 |
               +--------+--------+--------+--------+--------+-----+--------+

Top non-repeatable levels by time:
     D:3: 2433 daAuts
     D:7: 2248 daAuts
     D:5: 1680 daAuts
     D:4: 1367 daAuts
     D:2: 1206 daAuts
    D:10: 1102 daAuts
     D:1: 1038 daAuts
     D:9: 830 daAuts
     D:6: 776 daAuts
 Ossuary: 721 daAuts
     D:8: 605 daAuts
  Lair:1: 134 daAuts
